 Dungeon Crawl Stone Soup version 0.28.0-53-g5a82cb258f (webtiles) character file.

Game seed: 14350373141729404358

25 safid the Digger (level 3, 0/20 HPs)
             Began as a Gargoyle Earth Elementalist on Sept 8, 2022.
             Slain by Sigmund
             ... wielding a +0 scythe
              (5 damage)
             ... on level 2 of the Dungeon.
             The game lasted 00:01:32 (2256 turns).

safid the Digger (Gargoyle Earth Elementalist)      Turns: 2256, Time: 00:01:33

Health: 0/20       AC:  6    Str: 11    XL:     3   Next: 6%
Magic:  1/6        EV: 12    Int: 17    God:
Gold:   28         SH:  0    Dex: 10    Spells: 5/6 levels left

rFire   . . .      SeeInvis .   d - +0 club
rCold   . . .      Faith    .   (no shield)
rNeg    + . .      Spirit   .   b - +0 robe
rPois   ∞          Reflect  .   (no helmet)
rElec   +          Harm     .   (no cloak)
rCorr   .          Rampage  .   (no gloves)
Will    .....                   f - +0 pair of boots
Stlth   ++........              (no amulet)
HPRegen 0.06/turn               (no ring)
MPRegen 0.10/turn               (no ring)

@: no status effects
A: sickness immunity, AC +3, negative energy resistance 1, electricity
resistance, torment resistance 1, petrification resistance
a: no special abilities


You were on level 2 of the Dungeon.
You visited 1 branch of the dungeon, and saw 2 of its levels.

You collected 28 gold pieces.

Inventory:

Hand Weapons
 d - a +0 club (weapon)
Missiles
 c - 23 stones
Armour
 b - a +0 robe (worn)
 f - a +0 pair of boots (worn)
Scrolls
 a - a scroll of vulnerability {unknown}
 e - a scroll of identify {unknown}
 g - a scroll of immolation {unknown}


   Skills:
 + Level 1.2 Fighting
 + Level 1.9 Dodging
 - Level 2.1 Stealth
 + Level 2.3 Spellcasting
 - Level 0.7 Transmutations
 + Level 4.0 Earth Magic


You had 5 spell levels left.
You knew the following spells:

 Your Spells              Type           Power      Damage    Failure   Level
a - Sandblast             Erth           30%        2d9       3%          1

Your spell library contained the following spells:

 Spells                   Type           Power      Damage    Failure   Level
 Passwall                 Tmut/Erth      8%         N/A       11%         2
 Stone Arrow              Conj/Erth      16%        3d8       24%         3
 Petrify                  Tmut/Erth      10%        N/A       56%         4


Dungeon Overview and Level Annotations

Branches:
Dungeon (2/15)

Altars:

Annotations:
D:2 Sigmund


Innate Abilities, Weirdness & Mutations

You are immune to sickness and miasma.
Your stone body is resilient. (AC +3)
You are immune to poison.
You resist negative energy. (rN+)
You are resistant to electric shocks. (rElec)
You are resistant to unholy torment.
You are immune to petrification.


Message History

The blast of sand hits Sigmund!
Sigmund is moderately wounded.
Unknown command.
Casting: Sandblast (safe; 3% risk of failure)
Confirm with . or Enter, or press ? or * to list all spells.
Aiming: Sandblast (safe; 3% risk of failure)
Press: ? - help, Shift-Dir - straight line, f/p - Sigmund
Aim: Sigmund, wielding a +0 scythe and wearing a +0 robe (moderately wounded, 77% to hit)
The blast of sand hits Sigmund.
Sigmund is heavily wounded.
Sigmund hits you with a +0 scythe.
Casting: Sandblast (safe; 3% risk of failure)
Confirm with . or Enter, or press ? or * to list all spells.
Aiming: Sandblast (safe; 3% risk of failure)
Press: ? - help, Shift-Dir - straight line, f/p - Sigmund
Aim: Sigmund, wielding a +0 scythe and wearing a +0 robe (heavily wounded, 77% to hit)
The blast of sand hits Sigmund but does no damage.
Sigmund is heavily wounded.
Sigmund hits you with a +0 scythe!
* * * LOW HITPOINT WARNING * * *
Casting: Sandblast (safe; 3% risk of failure)
Confirm with . or Enter, or press ? or * to list all spells.
Aiming: Sandblast (safe; 3% risk of failure)
Press: ? - help, Shift-Dir - straight line, f/p - Sigmund
Aim: Sigmund, wielding a +0 scythe and wearing a +0 robe (heavily wounded, 77% to hit)
The blast of sand hits Sigmund.
Sigmund is heavily wounded.
Unknown command.
Casting: Sandblast (safe; 3% risk of failure)
Confirm with . or Enter, or press ? or * to list all spells.
Aiming: Sandblast (safe; 3% risk of failure)
Press: ? - help, Shift-Dir - straight line, f/p - Sigmund
Aim: Sigmund, wielding a +0 scythe and wearing a +0 robe (heavily wounded, 77% to hit)
The blast of sand hits Sigmund!
Sigmund is almost dead.
Sigmund gestures wildly while chanting.
Sigmund flickers and vanishes!
Deactivating autopickup; reactivate with Ctrl-A.
Something hits you.
You die...

###...#.#....##≈≈≈≈≈#
#.#...#......≈≈≈≈.... #
##..#.>..#≈≈≈≈≈###.
####.##.......#≈≈≈≈≈..
........##.#...≈≈≈≈....
####.##........≈≈≈≈....
# #........≈≈≈
#........≈≈≈
#.##..@.....≈≈≈
#......)......≈≈
#....###.{....≈≈ #....
#......≈≈ #....
#.......≈ #...
#......#≈ #.. #......#
########


There were no monsters in sight!

Vanquished Creatures
  6 endoplasms (D:1)
  A giant cockroach (D:1)
  2 goblins
  A hobgoblin (D:1)
  2 quokkas (D:1)
  3 ball pythons (D:1)
  3 bats (D:1)
  2 frilled lizards (D:1)
  4 rats (D:1)
24 creatures vanquished.

Notes
Turn   | Place    | Note
-------+----------+-------------------------------------------
     0 | D:1      | safid the Gargoyle Earth Elementalist began the quest for
                  | the Orb.
     0 | D:1      | Reached XP level 1. HP: 10/10 MP: 3/3
   772 | D:1      | Reached XP level 2. HP: 5/16 MP: 3/5
  1248 | D:1      | Reached skill level 1 in Fighting
  1557 | D:1      | Reached skill level 4 in Earth Magic
  1816 | D:1      | Found a faded altar of an unknown god.
  1958 | D:1      | Reached XP level 3. HP: 20/20 MP: 6/6
  2242 | D:2      | Noticed Sigmund
  2256 | D:2      | Slain by Sigmund

Illustrated notes

Levels and vault maps discovered:
D:1:      dpeg_arrival_leaves_temple_mockup, layout_loops_ring,
          shapermc_ecumenical_altar_ellora
D:2:      wander_river, layout_rooms, basic_altar, uniq_sigmund, uniq_jessica,
          uniq_natasha

Skill      XL: |  1  2 |
---------------+-------+-----
Fighting       | 1 |  1.2
Earth Magic    | 4 |  4.0
Dodging        | |  1.9
Stealth        | |  2.1
Spellcasting   | |  2.3
Transmutations | |  0.7

Action                   || total
-------------------------++-------
Melee: Unarmed           ||    80
       Club              ||    17
 Cast: Sandblast         ||    23
 Stab: Sleeping          ||     3
Armor: Robe              ||    33
Dodge: Dodged            ||    71
